Zazza, chaotic female human Tourist ----- ------------ ---------------- |.(.| #|..........| ##-.@[[)[.[.f[[.[| ---------- #-.... ##...........| # |.[[.[[...m@.[[| |........+# ###|.{.| #|.|........| ### ---------------- |........|# # |>..-######`|........... # |...<....|# ### --.-- --------|--- # ---|------# # ## ####### # ## #### ### # ### # ## ### ### ## ### ### ## # ## ############# # #### ############################# # ----.-------- # ### # # #-----------.--.-# ### |...........| # # -----.- #|..............-#############............| -.------# |......#########|..............|# `##|...........| |......|# |.....| #................# #............| |....|.-# .......#########|..............|# ------------- --.----- ------- ----------------# # Zazza the Rambler Experience level: 1 Strength: 12 Dexterity: 9 Constitution: 17 Intelligence: 12 Wisdom: 8 Charisma: 18 Health: 0(12) Energy: 2(2) Def: 8 Gold: 0 Moves: 1102 Dungeon seed: E651rSu6Sydm_mzu Game ID: Zazza_1581772380 Your Inventory: Weapons a - 38 +2 darts (in quiver) s - a +3 orcish dagger C - a cursed +0 dagger (weapon in hand) Armor e - an uncursed +0 Hawaiian shirt (being worn) y - an uncursed +0 alchemy smock z - an uncursed +0 cloak of protection (being worn) A - a cursed +0 elven mithril-coat (being worn) B - a cursed -3 pair of gauntlets of fumbling (being worn) D - an uncursed +0 elven shield (being worn) N - a cursed -1 helm of opposite alignment named chaotic (being worn) Y - an uncursed +0 pair of gauntlets of dexterity Comestibles b - 2 uncursed slime molds c - 4 uncursed food rations d - 2 uncursed lembas wafers f - an uncursed sprig of wolfsbane g - an uncursed melon h - 2 uncursed fortune cookies p - an uncursed lichen corpse v - an uncursed egg w - an uncursed tin of jackal meat Scrolls k - 3 uncursed scrolls of magic mapping n - an uncursed scroll of amnesia x - an uncursed scroll of remove curse Potions i - an uncursed potion of extra healing j - a blessed potion of extra healing Wands t - a wand of nothing (0:5) Tools l - an expensive camera (0:97) m - an uncursed credit card u - an uncursed towel Gems q - 2 uncursed worthless pieces of violet glass r - an uncursed worthless piece of blue glass Spells and supernatural/magical abilities: Name Level Category Fail Memory W - pray for help -- divine ? -- Your skills at the end: Fighting Skills Weapon Skills dart [Basic] Spellcasting Skills Final Attributes: You had strayed. You fumbled. You were protected. You are dead. Vanquished creatures: a yellow mold a gnome zombie 2 geckos 3 jackals a goblin a sewer rat 7 grid bugs 3 lichens 2 kobold zombies 3 newts 24 creatures vanquished. Voluntary challenges: You used a wielded weapon 4 times, starting on turn 639. You read items or engraved 5 times, starting on turn 64. You never genocided any monsters. You never polymorphed an object. You never changed form. You used no wishes. You never split a pudding. You wrote Elbereth's name 1 time, starting on turn 1042. You never violated your personal moral code. Dungeon overview: The Dungeons of Doom: levels 1 to 3 Level 1 some fountains a long staircase Level 2 a long staircase Level 3 <- You were here an armor shop, a fountain History has recorded: On T:1 you entered the Dungeons of Doom to retrieve the Amulet of Yendor! On T:398 you reached level 2 of The Dungeons of Doom. On T:676 you reached level 3 of The Dungeons of Doom. Score breakdown: Gold: 0 ( 0 points) Experience: 1 level ( 0 points) Exploration: 3 levels ( 5.77%) ( 5940 points) Discoveries: 3 items ( 1.01%) ( 3010 points) Valuables value: (no points given unless you survive) Artifact value: 0 ( 0 points) Variety of kills: 10 monsters ( 2.62%) ( 4860 points) Turncount: 1102 turns ( 0 points) Survival: died (score multiplied by 80%) Total score: 11048 Latest messages: D - a blue and green shield (unpaid, 6 zorkmids). You start equipping Pervari's blue and green shield. You are now holding a blue and green shield. You start equipping your cloak of protection. You are now wearing a cloak of protection. The price is deducted from your credit. A +0 elven shield (being worn); you bought it for 6 gold pieces. "Thank you for shopping in Pervari's used armor dealership!" You stop. Armand is in the way! The large mimic hits! You miss the large mimic. You hit the large mimic. Armand bites the gnome zombie. The gnome zombie misses Armand. You hit the large mimic. Armand bites the gnome zombie. The gnome zombie is destroyed! You miss the large mimic. The large mimic hits! You die... Pervari gratefully inherits all your possessions. Final status: Aloha Zazza the Tourist, killed by a large mimic... You died in The Dungeons of Doom on dungeon level 3 with 11048 points, and 0 pieces of gold, after 1102 moves. You were level 1 with a maximum of 12 hit points when you died.